 Dungeon Crawl Stone Soup version 0.25-a0-589-g1e14c549ee (webtiles) character file.

Game seed: 13333853137623041701, levelgen mode: deterministic

48 kae the Sneak (level 3, -2/24 HPs)
             Began as a Vampire Enchanter on Mar 11, 2020.
             Slain by Natasha (8 damage)
             ... on level 2 of the Dungeon.
             The game lasted 00:00:54 (623 turns).

kae the Sneak (Vampire Enchanter)                    Turns: 623, Time: 00:00:55

Health: -2/24      AC:  2    Str:  8    XL:     3   Next: 50%
Magic:  2/6        EV: 12    Int: 17    God:
Gold:   6          SH:  0    Dex: 14    Spells: 3/6 levels left

rFire    . . .     SeeInvis +   a - +1 dagger
rCold    . . .     Gourm    .   (no shield)
rNeg     . . .     Faith    .   b - +0 robe
rPois    .         Spirit   .   (no helmet)
rElec    .         Reflect  .   (no cloak)
rCorr    .         Harm     .   (no gloves)
MR       .....                  (no boots)
Stlth    +++.......             (no amulet)
HPRegen  0.28/turn              (no ring)
MPRegen  0.10/turn              (no ring)

@: regenerating quickly
A: no food, fangs 3, see invisible, unbreathing
a: Exsanguinate


You were on level 2 of the Dungeon.
You were alive.

You visited 1 branch of the dungeon, and saw 2 of its levels.

You collected 6 gold pieces.

Inventory:

Hand Weapons
 a - a +1 dagger (weapon)
Armour
 b - a +0 robe (worn)
Scrolls
 c - 2 scrolls of identify {unknown}


   Skills:
 * Level 2.5 Short Blades
 - Level 2.1 Dodging
 + Level 5.0 Stealth
 + Level 2.4 Spellcasting
 + Level 4.9 Hexes


You had 3 spell levels left.
You knew the following spells:

 Your Spells              Type           Power        Failure   Level  Hunger
a - Corona                Hex            ###....      2%          1    N/A
b - Ensorcelled Hibernat  Hex/Ice        ##....       11%         2    N/A

Your spell library contained the following spells:

 Spells                   Type           Power        Failure   Level  Hunger
 Confusing Touch          Hex            ###.....     8%          3    N/A
 Tukima's Dance           Hex            ###.....     8%          3    N/A
 Dazzling Flash           Conj/Hex       ##....       21%         3    N/A

Dungeon Overview and Level Annotations

Branches:
Dungeon (2/15)

Altars:
The Shining One

Annotations:
D:2 Natasha


Innate Abilities, Weirdness & Mutations

You do not eat.
Your natural rate of healing is unusually fast.
You have razor-sharp teeth.
You have supernaturally acute eyesight. (SInv)
You can survive without breathing.


Message History

The jackal misses you.
Found a glowing golden altar of the Shining One.
You see here 25 stones.
A goblin comes into view. It is wielding a +0 dagger.
You feel sick.
Found a ration.
You hit the jackal but do no damage.
The jackal is lightly wounded.
The jackal bites you but does no damage.
The jackal bites you.
Natasha, Servant of Life and Death comes into view.
The jackal bites you.
* * * LOW HITPOINT WARNING * * *
Natasha hisses angrily.
You feel sick.
You are no longer poisoned.
The goblin shouts!
Natasha growls.
Natasha claws you!
You die...

..... ......####
........_#######
#............%#
#...b.........#
#.............#
#.........⌠..#
#.g....h.....#
#.####h#h@...# #. .
#(##.#### ... .. #h##.# ...
... #S##.## ####.###.
....####.##.>## ##........
.........##...####.<.......
..>....".##................
................#†......#..
..........#.............#


You could see Natasha, a jackal, a goblin and a bat.

Vanquished Creatures
  2 adders (D:2)
  A dart slug (D:1)
  3 leopard geckos (D:1)
  2 bats (D:1)
  2 hobgoblins (D:1)
  A jackal (D:2)
  3 kobolds (D:1)
  A ball python (D:1)
  3 frilled lizards (D:1)
  3 goblins
  5 rats
26 creatures vanquished.

Notes
Turn   | Place    | Note
-------+----------+-------------------------------------------
     0 | D:1      | kae the Vampire Enchanter began the quest for the Orb.
     0 | D:1      | Reached XP level 1. HP: 13/13 MP: 3/3
   146 | D:1      | Reached XP level 2. HP: 19/19 MP: 5/5
   160 | D:1      | Learned a level 2 spell: Ensorcelled Hibernation
   503 | D:2      | Reached XP level 3. HP: 5/24 MP: 1/6
   606 | D:2      | Reached skill level 5 in Stealth
   618 | D:2      | Found a glowing golden altar of the Shining One.
   621 | D:2      | Noticed Natasha
   623 | D:2      | Slain by Natasha

Levels and vault maps discovered:
D:1:      dpeg_arrival_windows_large_door, layout_rooms
D:2:      layout_rooms, overflow_temple_1_default, first_ration,
          solitary_fountain, kennysheep_generic_room_2, uniq_crazy_yiuf_cottage,
          uniq_natasha

Skill      XL: |  1  2  3 |
---------------+----------+-----
Short Blades   | 2 |  2.5
Stealth        | 5 |  5.0
Dodging        | |  2.1
Spellcasting   | |  2.4
Hexes          | |  4.9

Action                   || total
-------------------------++-------
Melee: Dagger            ||   100
       Bite              ||     6
 Cast: Corona            ||     2
       Ensorcelled Hiber ||     7
  Use: Scroll            ||     1
 Stab: Sleeping          ||     7
Armor: Robe              ||    23
Dodge: Dodged            ||    61

Table legend:
 A = Non-vault XP
 B = Vault XP
 C = Vault XP percentage of total XP
 D = Non-vault monster count
 E = Vault monster count
 F = Vault count percentage of total count
                 A         B        C        D         E       F
            +---------+---------+-------+---------+---------+-------
      Total |      69 |       0 |   0.0 |      26 |       0 |   0.0
            +---------+---------+-------+---------+---------+-------
        D:1 |      37 |       0 |   0.0 |      21 |       0 |   0.0
        D:2 |      32 |       0 |   0.0 |       5 |       0 |   0.0
            +---------+---------+-------+---------+---------+-------
